 Dungeon Crawl Stone Soup version 0.29.0-3-gbb0933ed62 (webtiles) character file.

Game seed: 10012576571850080473

408 greasedhog the Cudgeller (level 6, -4/40 HPs)
             Began as a Gargoyle Wanderer on Aug 25, 2022.
             Splashed by a jelly's acid (6 damage)
             ... on level 4 of the Dungeon.
             The game lasted 00:06:42 (4564 turns).

greasedhog the Cudgeller (Gargoyle Wanderer)        Turns: 4564, Time: 00:06:44

Health: -4/40      AC:  9    Str: 15    XL:     6   Next: 88%
Magic:  10/10      EV:  6    Int: 13    God:
Gold:   88         SH:  0    Dex: 11    Spells: 10/11 levels left

rFire   . . .      SeeInvis .   m - +0 mace (protect)
rCold   . . .      Faith    .   (no shield)
rNeg    + . .      Spirit   .   v - +0 chain mail
rPois   ∞          Reflect  .   s - +0 hat
rElec   +          Harm     .   (no cloak)
rCorr   .          Rampage  .   j - +0 pair of gloves
Will    .....                   l - +0 pair of boots
Stlth   ..........              e - amulet of the acrobat
HPRegen 0.13/turn               (no ring)
MPRegen 0.12/turn               (no ring)

@: corroded, under a protective aura
A: sickness immunity, AC +4, negative energy resistance 1, electricity
resistance, torment resistance 1, petrification resistance
a: no special abilities


You were on level 4 of the Dungeon.
You visited 1 branch of the dungeon, and saw 4 of its levels.

You collected 114 gold pieces.
You spent 26 gold pieces at shops.

Inventory:

Hand Weapons
 m - a +0 mace of protection (weapon)
Armour
 j - a +0 pair of gloves (worn)
 l - a +0 pair of boots (worn)
 s - a +0 hat (worn)
 v - a +0 chain mail (worn)
Jewellery
 e - an amulet of the acrobat (around neck)
Scrolls
 a - a scroll of acquirement {unknown}
 f - 2 scrolls of fear {unknown}
 g - 2 scrolls of teleportation
 h - 2 scrolls of butterflies
 i - 2 scrolls of amnesia {unknown}
 o - a scroll of vulnerability {unknown}
 q - a scroll of noise {unknown}
 r - a scroll of summoning {unknown}
Potions
 b - 2 potions of brilliance
 c - a potion of degeneration {unknown}
 d - a potion of haste
 k - 2 potions of attraction
 n - a potion of heal wounds {unknown}
 p - a potion of resistance {unknown}
 t - a potion of berserk rage {unknown}
 u - a potion of lignification {unknown}


   Skills:
 * Level 4.9 Fighting
 * Level 6.0 Maces & Flails
 - Level 3.0 Spellcasting
 - Level 2.6 Translocations


You had 10 spell levels left.
You knew the following spells:

 Your Spells              Type           Power      Damage    Failure   Level
a - Apportation           Tloc           16%        N/A       89%         1

Your spell library contained the following spells:

 Spells                   Type           Power      Damage    Failure   Level
 Gell's Gravitas          Tloc           8%         N/A       99%         3
 Lesser Beckoning         Tloc           8%         N/A       99%         3
 Wereblood                Tmut           1%         N/A       100%        2
 Summon Hydra             Summ           0%         N/A       100%        7
 Sublimation of Blood     Necr           Unusable   N/A       N/A         2

Dungeon Overview and Level Annotations

Branches:
Dungeon (4/15)
 Temple: D:4-7

Altars:

Shops:
D:2 ?


Innate Abilities, Weirdness & Mutations

You are immune to sickness and miasma.
Your stone body is resilient. (AC +4)
You are immune to poison.
You resist negative energy. (rN+)
You are resistant to electric shocks. (rElec)
You are resistant to unholy torment.
You are immune to petrification.


Message History

The jelly hits you but does no damage.
You barely miss the jelly.
The jelly is lightly wounded.
The jelly hits you but does no damage.
You hit the jelly. The acid corrodes you!
Your hands burn!
The jelly is moderately wounded.
The jelly completely misses you.
You hit the jelly but do no damage.
Your hands burn!
The jelly is moderately wounded.
The jelly hits you but does no damage.
You hit the jelly.
Your hands burn!
The jelly is heavily wounded.
The jelly hits you but does no damage.
You hit the jelly.
Your hands burn!
The jelly is severely wounded.
The jelly hits you but does no damage.
You are too injured to fight recklessly!
You are too injured to fight recklessly!
You are too injured to fight recklessly!
You hit the jelly.
Your hands burn!
The jelly is severely wounded.
The jelly hits you but does no damage. The jelly barely misses you.
You hit the jelly but do no damage. The acid corrodes you!
Your hands burn!
The jelly is severely wounded.
The jelly hits you but does no damage.
You hit the jelly but do no damage. The acid corrodes you!
Your hands burn!
* * * LOW HITPOINT WARNING * * *
The jelly is severely wounded.
The jelly closely misses you.
You hit the jelly but do no damage.
Your hands burn!
* * * LOW HITPOINT WARNING * * *
The jelly is severely wounded.
The jelly hits you but does no damage.
You hit the jelly.
Your hands burn!
* * * LOW HITPOINT WARNING * * *
The jelly is almost dead.
The jelly hits you.
* * * LOW HITPOINT WARNING * * *
You are splashed with acid.
You die...

###########
#..........
##########
#..........
#........#
#..........
#........#
######.##..
#........# #....#
#...J@...# ####..###
#######..##
#........ ##.....##
#........
#.......###........
#.........##........
#.........##...[....
#[..................
#...................
#................>..


You could see a jelly.

Vanquished Creatures
  A scorpion (D:4)
  3 orc priests (D:3)
  A hound (D:4)
  2 orc wizards
  7 adders
  3 gnolls
  3 dart slugs
  2 worms (D:2)
  6 orcs
  12 endoplasms
  3 giant cockroaches
  5 goblins
  5 hobgoblins
  4 jackals
  3 quokkas
  6 ball pythons
  2 bats (D:2)
  2 frilled lizards
  4 kobolds
  5 rats
79 creatures vanquished.

Notes
Turn   | Place    | Note
-------+----------+-------------------------------------------
     0 | D:1      | greasedhog the Gargoyle Wanderer began the quest for the
                  | Orb.
     0 | D:1      | greasedhog set off with the following items: a +1 mace, a
                  | potion of brilliance, a +0 leather armour; and the
                  | following spell memorised: Apportation; and the following
                  | spells available to memorise: Gell's Gravitas, Lesser
                  | Beckoning.
     0 | D:1      | Reached XP level 1. HP: 14/14 MP: 4/4
   173 | D:1      | Reached XP level 2. HP: 13/20 MP: 6/6
  1225 | D:2      | Reached skill level 2 in Maces & Flails
  1333 | D:1      | Reached XP level 3. HP: 2/24 MP: 7/7
  1674 | D:2      | Found Lotoos's Magic Scroll Boutique.
  1682 | D:2      | Bought a scroll of identify for 26 gold pieces
  1738 | D:1      | Reached skill level 3 in Maces & Flails
  1944 | D:2      | Reached XP level 4. HP: 21/29 MP: 8/8
  2074 | D:2      | You fall into a shaft and drop 2 floors!
  2219 | D:3      | Reached skill level 4 in Maces & Flails
  2219 | D:3      | Reached XP level 5. HP: 28/33 MP: 9/9
  2355 | D:2      | Found a faded altar of an unknown god.
  3293 | D:3      | Reached skill level 5 in Maces & Flails
  3293 | D:3      | Reached XP level 6. HP: 36/39 MP: 10/10
  4517 | D:4      | Reached skill level 6 in Maces & Flails
  4564 | D:4      | HP: 2/40 [jelly (2)]
  4564 | D:4      | Splashed by a jelly's acid

Illustrated notes

Levels and vault maps discovered:
D:1:      dpeg_arrival_prison, layout_loops_ring, minmay_misc_feat_more_columns
D:2:      layout_basic, ebering_ecumenical_altar_rust, serial_shops,
          nicolae_diamond_shop
D:3:      layout_rooms
D:4:      layout_rooms, minivault_24, nicolae_figureground_sparkle

Skill      XL: |  1  2  3  4  5  6 |
---------------+-------------------+-----
Maces & Flails | 2 3 4 5 6 |  6.0
Fighting       | 4 |  4.9
Spellcasting   | |  3.0
Translocations | |  2.6

Action                   |  1- 3 |  4- 6 || total
-------------------------+-------+-------++-------
Melee: Mace              |    95 |   261 ||   356
       Punch             |     1 |     2 ||     3
  Use: Potion            |     4 |     1 ||     5
       Scroll            |     1 |     1 ||     2
 Stab: Sleeping          |     1 |       ||     1
Armor: Leather armour    |    42 |    98 ||   140
       Chain mail        |       |    32 ||    32
       Ring mail         |       |     9 ||     9
Dodge: Dodged            |    91 |   158 ||   249
